 Dungeon Crawl Stone Soup version 0.20.1-1-g8b1a95d (webtiles) character file.

1108 WiZmei the Cudgeler (level 8, -6/91 HPs)
             Began as a Demonspawn Berserker on Nov 29, 2017.
             Was a Priest of Trog.
             Splashed by Ijyb's acid (7 damage)
             ... on level 5 of the Dungeon.
             The game lasted 00:21:27 (4196 turns).

WiZmei the Cudgeler (Demonspawn Berserker)          Turns: 4196, Time: 00:21:29

Health: -6/91      AC:  5    Str: 24    XL:     8   Next: 11%
Magic:  8/8        EV: 12    Int: 10    God:    Trog [***...]
Gold:   178        SH:  0    Dex: 12    Spells: 7/7 levels left

rFire    . . .     SeeInvis .   o - +0 war axe
rCold    + + .     Gourm    .   (no shield)
rNeg     . . .     Faith    .   n - +2 ring mail {rC+}
rPois    +         Spirit   .   (helmet restricted)
rElec    .         Reflect  .   e - +0 cloak
rCorr    +         Harm     .   (no gloves)
MR       .....                  (no boots)
Stlth    ..........             (no amulet)
Regen    0.3/turn               g - ring of protection from cold
MPRegen  0.2/turn               y - ring of resist corrosion

@: berserking (expiring), corroded, very quick
A: horns 2, slimy green scales 3, demonic guardian 2
a: Berserk, Trog's Hand, Burn Spellbooks, Renounce Religion


You were on level 5 of the Dungeon.
You worshipped Trog.
Trog was most pleased with you.
You were hungry.

You visited 1 branch of the dungeon, and saw 5 of its levels.
You also visited: Sewer.

You collected 178 gold pieces.

Inventory:

Hand Weapons
 a - a +1 mace
 o - a +0 war axe (weapon)
 C - the +8 dagger of the Warrior {vamp, +Inv MR+, unknown}
   (You found it on level 5 of the Dungeon)

   It inflicts no extra harm, but heals its wielder when it wounds a living foe.
   It affects your resistance to hostile enchantments.
   It lets you turn invisible.
Armour
 e - a +0 cloak (worn)
 n - a +2 ring mail of cold resistance (worn)
Jewellery
 g - a ring of protection from cold (left hand)
 t - an uncursed ring of wizardry {unknown}
 y - a ring of resist corrosion (right hand)
Scrolls
 f - a scroll of enchant weapon
 j - a scroll of remove curse
 m - a scroll of magic mapping
 r - 2 scrolls of teleportation
 u - 2 scrolls of recharging
 B - a scroll of amnesia {unknown}
Potions
 b - 5 potions of haste
 d - 2 potions of might {unknown}
 h - a potion of lignification {unknown}
 i - a potion of brilliance {unknown}
 k - 2 potions of ambrosia {unknown}
 l - 3 potions of curing {unknown}
 p - a potion of heal wounds {unknown}
 q - a potion of magic {unknown}
 s - 2 potions of flight
 w - a potion of mutation {unknown}
 A - a potion of berserk rage {unknown}
Comestibles
 c - 4 bread rations
 v - 21 fruits
 x - 2 meat rations
 z - a chunk of flesh


   Skills:
 + Level 4.8 Fighting
 + Level 3.5(4.9) Axes
 + Level 5.2(5.8) Maces & Flails
 + Level 4.1 Armour
 + Level 3.8 Dodging
 + Level 1.0 Stealth


You had 7 spell levels left.
You didn't know any spells.

Dungeon Overview and Level Annotations

Branches:
Dungeon (5/15)
 Temple: D:4-7

Altars:
Kikubaaqudgha
Makhleb
Nemelex Xobeh
Trog
Vehumet

Annotations:
D:5 Ijyb


Innate Abilities, Weirdness & Mutations

You have a pair of horns on your head.
You are completely covered in slimy green scales. (AC +4, rPois)
A demonic guardian rushes to your aid.


Message History

You hit Ijyb but do no damage. You headbutt Ijyb.
Ijyb is heavily wounded.
Ijyb zaps a wand.
The bolt of acid hits you! You resist.
* * * LOW HITPOINT WARNING * * *
You are splashed with acid!
The acid burns!
You resist.
* * * LOW HITPOINT WARNING * * *
You barely miss Ijyb. Your headbutt misses Ijyb.
Ijyb is heavily wounded.
Ijyb barely misses you.
You are too berserk!
You feel a strong urge to attack something.
Ijyb hits you with a flail!
* * * LOW HITPOINT WARNING * * *
You see here 12 gold pieces.
You hit Ijyb but do no damage. Your headbutt misses Ijyb.
Ijyb is heavily wounded.
Ijyb zaps a wand.
The bolt of acid hits you! You resist.
* * * LOW HITPOINT WARNING * * *
You are splashed with acid!
The acid burns!
You resist.
You die...

##.....##........<.###
........#...._..#..######
........##<..............
...........####.#####.#..
.........######.# #..###
#.........#.....# #....#
............########.##.#
#.............###....##..
##.g@................
........#........######.
##................## ##
...###.>...........# #≈
.# #.###.......#....#≈
#...........###..#≈
#................#≈
#.#....###..##...#≈
#..#....###[.##..#≈


You could see Ijyb.

Vanquished Creatures
  The ghost of homeworkjunkie the Chopper, an amateur HOFi of Okawaru (D:5)
  Grinder (D:3)
  The ghost of pstr the Conjurer, an amateur KoCj (D:3)
  The ghost of pstr the Conjurer, an amateur KoCj (D:4)
  A big kobold (Sewer)
  A scorpion (D:5)
  A centaur skeleton (D:4)
  2 hounds
  2 bullfrog skeletons
  Natasha (D:2)
  2 worker ants (D:4)
  4 gnolls (D:4)
  An adder (D:2)
  2 river rats
  3 oozes
  4 worms
  A dart slug (D:5)
  4 leopard geckos
  12 orcs
  2 ball pythons (Sewer)
  3 giant cockroaches
  3 goblins
  2 hobgoblins
  A jackal (D:2)
  7 kobolds
  2 quokkas
  9 bats
  A frilled lizard (D:1)
  A leopard gecko skeleton (D:5)
  12 rats
88 creatures vanquished.

Vanquished Creatures (collateral kills)
  A scorpion (D:5)
1 creature vanquished.

Grand Total: 89 creatures vanquished

Notes
Turn   | Place    | Note
-------+----------+-------------------------------------------
     0 | D:1      | WiZmei the Demonspawn Berserker began the quest for the Orb.
     0 | D:1      | Reached XP level 1. HP: 18/18 MP: 1/1
   215 | D:1      | Gained mutation: You have a pair of small horns on your head. [demonic ancestry]
   215 | D:1      | Reached XP level 2. HP: 18/24 MP: 2/2
   618 | D:2      | Reached skill level 3 in Maces & Flails
   638 | D:2      | Found a radiant altar of Vehumet.
   730 | D:2      | Found a sparkling altar of Nemelex Xobeh.
   747 | D:2      | Gained mutation: You have a pair of horns on your head. [demonic ancestry]
   747 | D:2      | Reached XP level 3. HP: 20/29 MP: 3/3
   882 | D:2      | Reached ** piety under Trog
  1117 | D:2      | Noticed Natasha
  1130 | D:2      | Killed Natasha
  1555 | D:2      | Found a burning altar of Makhleb.
  1555 | D:2      | Found an ancient bone altar of Kikubaaqudgha.
  1834 | D:3      | Gained mutation: You are partially covered in slimy green scales. (AC +2) [demonic ancestry]
  1834 | D:3      | Reached XP level 4. HP: 33/36 MP: 4/4
  1903 | D:3      | Noticed pstr's ghost (amateur KoCj)
  1915 | D:3      | Killed pstr's ghost
  1915 | D:3      | Gained mutation: A weak demonic guardian rushes to your aid. [demonic ancestry]
  1915 | D:3      | Reached XP level 5. HP: 21/42 MP: 5/5
  1936 | D:3      | Found a glowing drain.
  1940 | Sewer    | Entered a sewer
  2080 | Sewer    | Reached skill level 4 in Maces & Flails
  2080 | Sewer    | Gained mutation: You are mostly covered in slimy green scales. (AC +3) [demonic ancestry]
  2080 | Sewer    | Reached XP level 6. HP: 38/48 MP: 6/6
  2601 | D:3      | Reached *** piety under Trog
  2800 | D:3      | Noticed Grinder
  2816 | D:3      | Killed Grinder
  2816 | D:3      | Reached skill level 5 in Maces & Flails
  2816 | D:3      | Gained mutation: A demonic guardian rushes to your aid. [demonic ancestry]
  2816 | D:3      | Reached XP level 7. HP: 46/54 MP: 7/7
  3097 | D:4      | Reached skill level 1 in Stealth
  3203 | D:4      | Reached skill level 1 in Axes
  3371 | D:4      | Noticed pstr's ghost (amateur KoCj)
  3379 | D:4      | Killed pstr's ghost
  3641 | D:5      | Entered Level 5 of the Dungeon
  3641 | D:5      | Found a bloodstained altar of Trog.
  3772 | D:5      | Got a bloodstained dagger
  3836 | D:5      | Noticed homeworkjunkie's ghost (amateur HOFi)
  3857 | D:5      | Killed homeworkjunkie's ghost
  3857 | D:5      | Gained mutation: You are completely covered in slimy green scales. (AC +4, rPois) [demonic ancestry]
  3857 | D:5      | Reached XP level 8. HP: 20/61 MP: 8/8
  4181 | D:5      | Noticed Ijyb
  4196 | D:5      | HP: 1/91 [Ijyb/wand of acid (?/15) (9)]
  4196 | D:5      | Splashed by Ijyb's acid

Skill      XL: |  1  2  3  4  5  6  7 |
---------------+----------------------+-----
Maces & Flails | 3 4 5 |  5.2
Dodging        | 2 3 |  3.8
Armour         | 2 3 4 |  4.1
Fighting       | 4 |  4.8
Stealth        | 1 |  1.0
Axes           | 3 |  3.5

Action                   |  1- 3 |  4- 6 |  7- 9 || total
-------------------------+-------+-------+-------++-------
Melee: Mace              |    84 |   130 |       ||   214
       Headbutt          |     3 |    21 |    19 ||    43
       War axe           |       |    11 |    90 ||   101
Invok: Berserk           |       |       |     2 ||     2
  Use: Scroll            |     5 |     1 |     6 ||    12
       Potion            |       |       |     1 ||     1
  Eat: Chunk             |     2 |     3 |     4 ||     9
       Royal jelly       |       |     1 |       ||     1
       Fruit             |       |       |     1 ||     1
Armor: Animal skin       |    20 |       |       ||    20
       Leather armour    |    21 |     5 |       ||    26
       Ring mail         |       |    43 |    38 ||    81
Dodge: Dodged            |   109 |    85 |    76 ||   270
